 Dungeon Crawl Stone Soup version 0.28.0-53-g5a82cb258f (webtiles) character file.

Game seed: 5114912811074528482

6 Zeld the Conjurer (level 1, -1/10 HPs)
             Began as a Gargoyle Conjurer on June 1, 2022.
             Slain by a quokka (2 damage)
             ... on level 1 of the Dungeon.
             The game lasted 00:00:29 (175 turns).

Zeld the Conjurer (Gargoyle Conjurer)                Turns: 175, Time: 00:00:30

Health: -1/10      AC:  4    Str: 10    XL:     1   Next: 90%
Magic:  0/3        EV: 11    Int: 18    God:
Gold:   0          SH:  0    Dex:  8    Spells: 3/4 levels left

rFire   . . .      SeeInvis .   (no weapon)
rCold   . . .      Faith    .   (no shield)
rNeg    + . .      Spirit   .   a - +0 robe
rPois   ∞          Reflect  .   (no helmet)
rElec   +          Harm     .   (no cloak)
rCorr   .          Rampage  .   (no gloves)
Will    .....                   (no boots)
Stlth   ++........              (no amulet)
HPRegen 0.03/turn               (no ring)
MPRegen 0.08/turn               (no ring)

@: no status effects
A: sickness immunity, AC +2, negative energy resistance 1, electricity
resistance, torment resistance 1, petrification resistance
a: no special abilities


You were on level 1 of the Dungeon.
You visited 1 branch of the dungeon, and saw 1 of its levels.

Inventory:

Armour
 a - a +0 robe (worn)
Potions
 b - a potion of magic {unknown}


   Skills:
 - Level 1.5 Dodging
 - Level 2.1 Stealth
 * Level 2.1 Spellcasting
 + Level 4.4 Conjurations
 * Level 0.3 Hexes
 * Level 0.4 Translocations


You had 3 spell levels left.
You knew the following spells:

 Your Spells              Type           Power      Damage    Failure   Level
a - Magic Dart            Conj           68%        1d6       3%          1

Your spell library contained the following spells:

 Spells                   Type           Power      Damage    Failure   Level
 Searing Ray              Conj           34%        2d5       4%          2
 Dazzling Flash           Conj/Hex       20%        N/A       21%         3
 Fulminant Prism          Conj/Hex       5%         3d7       54%         4
 Iskenderun's Mystic Bla  Conj/Tloc      10%        2d4       54%         4


Dungeon Overview and Level Annotations

Branches:
Dungeon (1/15)

Altars:


Innate Abilities, Weirdness & Mutations

You are immune to sickness and miasma.
Your stone body is resilient. (AC +2)
You are immune to poison.
You resist negative energy. (rN+)
You are resistant to electric shocks. (rElec)
You are resistant to unholy torment.
You are immune to petrification.


Message History

Unknown command.
Casting: Magic Dart (safe; 3% risk of failure)
Confirm with . or Enter, or press ? or * to list all spells.
You don't have enough magic to cast this spell.
A quokka is nearby!
You miss the quokka.
The quokka is heavily wounded.
The quokka barely misses you.
A quokka is nearby!
You barely miss the quokka.
The quokka is heavily wounded.
The quokka bites you.
* * * LOW HITPOINT WARNING * * *
The quokka bites you but does no damage.
You barely miss the quokka.
The quokka is heavily wounded.
The quokka closely misses you.
You are too injured to fight recklessly!
You hit the quokka but do no damage.
The quokka is heavily wounded.
The quokka bites you but does no damage.
You are too injured to fight recklessly!
The quokka barely misses you.
Casting: Magic Dart (safe; 3% risk of failure)
Confirm with . or Enter, or press ? or * to list all spells.
Aiming: Magic Dart (safe; 3% risk of failure)
Press: ? - help, Shift-Dir - straight line, f/p - quokka
Aim: a quokka (heavily wounded, 100% to hit)
The magic dart hits the quokka.
The quokka is almost dead.
The quokka bites you.
* * * LOW HITPOINT WARNING * * *
The quokka bites you but does no damage.
A quokka is nearby!
You are too injured to fight recklessly!
A quokka is nearby!
The quokka bites you.
* * * LOW HITPOINT WARNING * * *
You open the door. The quokka bites you.
You die...

...............#
...............#
...............#
...........##+###.#
..................# .
...........##.#####.#
... .#####..............
.....##........#.#####.#
#....'@r......#.#####.#
######................#
#................#
#................#
......##...........#
.......##...........#
........##...........#
........####....####.#
......... #+#..# +#


You could see a quokka.

Vanquished Creatures
  A ball python (D:1)
  A bat (D:1)
  An endoplasm (D:1)
  A goblin (D:1)
  A frilled lizard (D:1)
5 creatures vanquished.

Notes
Turn   | Place    | Note
-------+----------+-------------------------------------------
     0 | D:1      | Zeld the Gargoyle Conjurer began the quest for the Orb.
     0 | D:1      | Reached XP level 1. HP: 10/10 MP: 3/3
   175 | D:1      | Slain by a quokka

Illustrated notes

Levels and vault maps discovered:
D:1:      psy_arrival_radial01, layout_basic

Action                   || total
-------------------------++-------
Melee: Unarmed           ||     4
 Cast: Magic Dart        ||    10
Armor: Robe              ||     5
Dodge: Dodged            ||     4
